Pittsburgh Penguins vs Nashville Predators
Created - Monday, September 4, 2023 at 06:58
Goals
|
| Pittsburgh Penguins |
0 |
4 |
1 |
5 |
| Nashville Predators |
1 |
1 |
0 |
2 |
|
Shots
|
| Pittsburgh Penguins |
12 |
16 |
10 |
38 |
| Nashville Predators |
9 |
9 |
11 |
29 |
|
1st period
1. Nashville Predators , Thomas Novak 2 (Kevin Labanc 2, Alex Newhook 4) at 13:23
Penalties :
Erik Karlsson (PIT) for Holding (Minor) at 0:48, Patrick Maroon (NSH) for Slashing (Minor) at 9:42
2nd period
2. Nashville Predators , Thomas Novak 3 (Cale Makar 3, Kevin Labanc 3) at 0:34
3. Pittsburgh Penguins , Erik Karlsson 1 (Sam Reinhart 5) at 3:19 (PP)
4. Pittsburgh Penguins , Mitchell Marner 6 (Leon Draisaitl 5, Jean-Gabriel Pageau 3) at 4:04
5. Pittsburgh Penguins , Colton Sissons 1 (Tom Wilson 5, Gabriel Vilardi 4) at 8:05
6. Pittsburgh Penguins , Leon Draisaitl 2 (Mitchell Marner 1) at 19:02 (PP)
Penalties :
Blake Wheeler (NSH) for Tripping (Minor) at 2:12, Cale Makar (NSH) for Hooking (Minor) at 5:41, Riley Nash (NSH) for Goalie Interference (Minor) at 10:21, Corey Perry (NSH) for Slashing (Minor) at 19:01, Mitchell Marner (PIT) for Cross-checking (Minor) at 19:46
3rd period
7. Pittsburgh Penguins , Jordan Eberle 2 (Erik Karlsson 5, Pavel Buchnevich 5) at 2:16
Penalties :
Michael Carcone (NSH) for High sticking (Minor) at 5:00, Michael Carcone (NSH) for Slashing (Minor) at 8:51
Goalie Stats
Marc-Andre Fleury (PIT), 27 saves from 29 shots - (0.931), W, 4-4-3, 60:00 minutes
Adin Hill (NSH), 33 saves from 38 shots - (0.868), L, 1-2-1, 60:00 minutes
Players Stats for Pittsburgh Penguins
Player Name G A P +/- PIM S H SB GA TA FO MP PP MP PK MP
------------------------------------------------------------------------------------
Anders Lee 0 0 0 1 0 1 2 0 0 0 0/1 15:52 5:33 0:03
Brian Dumoulin 0 0 0 0 0 2 0 0 0 1 0/0 21:25 5:23 1:43
Colton Sissons 1 0 1 1 0 3 0 0 0 0 4/6 9:53 0:00 1:47
Erik Gudbranson 0 0 0 1 0 0 0 0 0 0 0/0 16:59 0:00 2:15
Erik Karlsson 1 1 2 0 2 2 0 1 0 0 0/0 21:36 5:40 0:00
Gabriel Vilardi 0 1 1 1 0 0 4 0 1 0 0/0 8:09 0:02 0:00
J.J. Moser 0 0 0 1 0 0 0 1 0 0 0/0 16:59 0:00 2:15
Jean-Gabriel Pageau 0 1 1 0 0 0 3 0 0 0 13/21 20:32 5:33 1:47
Jordan Eberle 1 0 1 1 0 1 2 0 0 0 0/0 10:25 0:02 0:00
Leon Draisaitl 1 1 2 0 0 6 0 0 1 0 7/10 20:41 5:28 2:08
Mattias Ekholm 0 0 0 0 0 3 0 1 0 0 0/0 22:06 5:23 1:43
Mitchell Marner 1 1 2 0 2 7 2 0 0 0 0/2 18:31 5:28 0:00
Pavel Buchnevich 0 1 1 -1 0 1 1 0 1 0 1/3 18:48 5:28 0:03
Phillip Danault 0 0 0 -1 0 1 0 0 0 0 11/13 15:40 0:00 2:08
Ryan Johansen 0 0 0 1 0 4 0 0 0 0 5/8 10:22 0:00 0:00
Ryan Suter 0 0 0 0 0 0 0 0 0 0 0/0 20:55 5:40 0:00
Sam Reinhart 0 1 1 -1 0 4 0 1 1 0 0/1 18:58 5:33 0:00
Tom Wilson 0 1 1 1 0 3 1 0 0 0 0/0 8:09 0:02 0:00
Players Stats for Nashville Predators
Player Name G A P +/- PIM S H SB GA TA FO MP PP MP PK MP
------------------------------------------------------------------------------------
Alex Newhook 0 1 1 -3 0 1 1 0 1 0 2/9 12:05 0:00 0:00
Alexander Alexeyev 0 0 0 1 0 0 0 0 0 0 0/0 11:07 0:00 0:00
Blake Wheeler 0 0 0 0 2 3 2 1 0 1 7/19 23:19 1:58 4:35
Brett Leason 0 0 0 0 0 0 0 0 0 0 0/1 1:56 0:00 0:00
Cale Makar 0 1 1 -2 2 5 1 1 0 1 0/0 25:37 1:47 4:42
Corey Perry 0 0 0 0 2 2 3 1 0 0 4/9 20:45 1:58 5:45
Justin Braun 0 0 0 0 0 0 2 2 0 1 0/0 22:33 2:11 5:30
Kevin Labanc 0 2 2 2 0 3 1 0 0 0 0/1 16:09 2:00 0:06
Markus Niemelainen 0 0 0 1 0 1 2 1 0 0 0/0 11:58 0:00 0:51
Michael Carcone 0 0 0 0 4 0 0 0 0 0 2/3 5:37 0:00 0:00
Nate Schmidt 0 0 0 0 0 0 1 1 0 1 0/0 22:33 2:11 5:30
Patrick Maroon 0 0 0 -3 2 3 0 0 0 0 0/0 13:06 0:00 0:42
Rasmus Ristolainen 0 0 0 -2 0 1 3 0 0 0 0/0 26:20 1:47 5:33
Riley Nash 0 0 0 0 2 1 0 1 0 0 0/0 19:43 1:58 4:43
Ryan Carpenter 0 0 0 0 0 0 0 1 0 0 0/0 5:36 0:00 0:00
Sam Gagner 0 0 0 2 0 3 2 0 0 0 2/3 15:51 2:00 0:00
Thomas Novak 2 0 2 2 0 5 2 1 0 0 6/18 20:39 2:00 4:45
Zemgus Girgensons 0 0 0 -3 0 1 2 1 0 0 1/2 13:56 0:00 1:30
3 Stars
1 - Thomas Novak (NSH)
2 - Jordan Eberle (PIT)
3 - Leon Draisaitl (PIT)
Power Play
Pittsburgh Penguins - 2 on 7 Attempt(s) - 28.57%
Nashville Predators - 0 on 2 Attempt(s) - 0.00%
Penalty Kill
Pittsburgh Penguins - 2 on 2 Attempt(s) - 100.00%
- Score 0 goal in Penalty Kill
Nashville Predators - 5 on 7 Attempt(s) - 71.43%
- Score 0 goal in Penalty Kill
Team Stat
Pittsburgh Penguins - Hits : 15 - Faceoff Wins : 41 - Blocked Shots : 4 - Penalty Minutes : 4
Nashville Predators - Hits : 22 - Faceoff Wins : 24 - Blocked Shots : 11 - Penalty Minutes : 14
Official
Referees : Jean Hebert and Dennis LaRue
Linesman : Andy McElman and Steve Barton
Game Notes
No Game Note
Finance
Level 1 -- Attendance: 4904 (81.73%) -- Ticket Income $490,400
Level 2 -- Attendance: 3781 (75.62%) -- Ticket Income $226,860
Level 3 -- Attendance: 2290 (76.33%) -- Ticket Income $80,150
Level 4 -- Attendance: 3509 (70.18%) -- Ticket Income $87,725
Luxury Box -- Attendance: 825 (82.50%) -- Ticket Income $165,000
Game was played at the Bridgestone Arena.
Total Attendance: 15309 (76.55%)
Total Ticket Income: $1,050,135
Other Income: $367,547
Total Income: $1,417,682
Pittsburgh Penguins
5 vs 5 Forward
Center Left Wing Right Wing Time % Phy DF OF
1 Jean-Gabriel Pageau Leon Draisaitl Mitchell Marner 30 1 2 2
2 Phillip Danault Pavel Buchnevich Sam Reinhart 30 1 2 2
3 Ryan Johansen Anders Lee Jordan Eberle 25 1 2 2
4 Colton Sissons Gabriel Vilardi Tom Wilson 15 1 2 2
5 vs 5 Defense
Defense Defense Time % Phy DF OF
1 Erik Karlsson Mattias Ekholm 30 1 2 2
2 Ryan Suter Brian Dumoulin 30 1 2 2
3 Erik Gudbranson J.J. Moser 30 1 2 2
4 Erik Karlsson Mattias Ekholm 10 1 2 2
PowerPlay Forward
Center Left Wing Right Wing Time % Phy DF OF
1 Leon Draisaitl Pavel Buchnevich Mitchell Marner 50 0 2 3
2 Jean-Gabriel Pageau Anders Lee Sam Reinhart 50 1 2 2
PowerPlay Defense
Defense Defense Time % Phy DF OF
1 Erik Karlsson Ryan Suter 50 1 2 2
2 Mattias Ekholm Brian Dumoulin 50 1 2 2
Penalty Kill 4 Players Forward
Center Wing Time % Phy DF OF
1 Leon Draisaitl Phillip Danault 50 1 2 2
2 Jean-Gabriel Pageau Colton Sissons 50 1 2 2
Penalty Kill 4 Players Defense
Defense Defense Time % Phy DF OF
1 Mattias Ekholm Brian Dumoulin 50 1 2 2
2 Erik Gudbranson J.J. Moser 50 1 2 2
Penalty Kill - 3 Players Forward
Forward Time % Phy DF OF
1 Leon Draisaitl 50 1 2 2
2 Mitchell Marner 50 1 2 2
Penalty Kill - 3 Players Defense
Defense Defense Time % Phy DF OF
1 Erik Gudbranson J.J. Moser 50 1 2 2
2 Mattias Ekholm Brian Dumoulin 50 1 2 2
4 vs 4 Forward
Center Wing Time % Phy DF OF
1 Leon Draisaitl Mitchell Marner 50 1 2 2
2 Sam Reinhart Pavel Buchnevich 50 1 2 2
4 vs 4 Defense
Defense Defense Time % Phy DF OF
1 Erik Karlsson Ryan Suter 50 1 2 2
2 Mattias Ekholm Brian Dumoulin 50 1 2 2
Last Minutes Offensive
Center Left Wing Right Wing Defense Defense
Leon Draisaitl Pavel Buchnevich Mitchell Marner Erik Karlsson Mattias Ekholm
Last Minutes Defensive
Center Left Wing Right Wing Defense Defense
Leon Draisaitl Pavel Buchnevich Mitchell Marner Erik Karlsson Mattias Ekholm
Goaltenders
Starting : Marc-Andre Fleury
Backup : Akira Schmid
Extra Forwards
Normal : Tom Wilson, Gabriel Vilardi, Phillip Danault - PP : Tom Wilson, Gabriel Vilardi - PK : Phillip Danault
Extra Defensemen
Normal : Erik Gudbranson, J.J. Moser, Mattias Ekholm - PP : Erik Gudbranson - PK : J.J. Moser, Mattias Ekholm
Penalty Shots
Leon Draisaitl, Mitchell Marner, Sam Reinhart, Pavel Buchnevich, Jean-Gabriel Pageau
Nashville Predators
5 vs 5 Forward
Center Left Wing Right Wing Time % Phy DF OF
1 Blake Wheeler Riley Nash Corey Perry 30 1 2 2
2 Thomas Novak Kevin Labanc Sam Gagner 30 1 2 2
3 Alex Newhook Zemgus Girgensons Patrick Maroon 25 1 2 2
4 Michael Carcone Blake Wheeler Ryan Carpenter 15 1 2 2
5 vs 5 Defense
Defense Defense Time % Phy DF OF
1 Cale Makar Rasmus Ristolainen 30 1 2 2
2 Nate Schmidt Justin Braun 30 1 2 2
3 Alexander Alexeyev Markus Niemelainen 25 1 2 2
4 Cale Makar Rasmus Ristolainen 15 1 2 2
PowerPlay Forward
Center Left Wing Right Wing Time % Phy DF OF
1 Blake Wheeler Riley Nash Corey Perry 50 1 2 2
2 Thomas Novak Kevin Labanc Sam Gagner 50 1 2 2
PowerPlay Defense
Defense Defense Time % Phy DF OF
1 Cale Makar Rasmus Ristolainen 50 1 2 2
2 Nate Schmidt Justin Braun 50 1 2 2
Penalty Kill 4 Players Forward
Center Wing Time % Phy DF OF
1 Blake Wheeler Thomas Novak 50 1 2 2
2 Corey Perry Riley Nash 50 1 2 2
Penalty Kill 4 Players Defense
Defense Defense Time % Phy DF OF
1 Cale Makar Rasmus Ristolainen 50 1 2 2
2 Nate Schmidt Justin Braun 50 1 2 2
Penalty Kill - 3 Players Forward
Forward Time % Phy DF OF
1 Blake Wheeler 50 1 2 2
2 Thomas Novak 50 1 2 2
Penalty Kill - 3 Players Defense
Defense Defense Time % Phy DF OF
1 Cale Makar Rasmus Ristolainen 50 1 2 2
2 Nate Schmidt Justin Braun 50 1 2 2
4 vs 4 Forward
Center Wing Time % Phy DF OF
1 Blake Wheeler Thomas Novak 50 1 2 2
2 Corey Perry Riley Nash 50 1 2 2
4 vs 4 Defense
Defense Defense Time % Phy DF OF
1 Cale Makar Rasmus Ristolainen 50 1 2 2
2 Nate Schmidt Justin Braun 50 1 2 2
Last Minutes Offensive
Center Left Wing Right Wing Defense Defense
Blake Wheeler Riley Nash Corey Perry Cale Makar Rasmus Ristolainen
Last Minutes Defensive
Center Left Wing Right Wing Defense Defense
Blake Wheeler Riley Nash Corey Perry Cale Makar Rasmus Ristolainen
Goaltenders
Starting : Adin Hill
Backup : Kevin Lankinen
Extra Forwards
Normal : Brett Leason, Alex Newhook, Zemgus Girgensons - PP : Brett Leason, Alex Newhook - PK : Zemgus Girgensons
Extra Defensemen
Normal : Alexander Alexeyev, Markus Niemelainen, Nate Schmidt - PP : Alexander Alexeyev - PK : Markus Niemelainen, Nate Schmidt
Penalty Shots
Blake Wheeler, Thomas Novak, Corey Perry, Riley Nash, Kevin Labanc
% Time on Ice - Pittsburgh Penguins
Lines # - Real PCT - Wanted PCT - Time Play
Normal Forward
1 - 29% - 30% - 13:06
2 - 30% - 30% - 13:25
3 - 23% - 25% - 10:22
4 - 18% - 15% - 8:06
Normal Defense
1 - 31% - 30% - 14:02
2 - 33% - 30% - 14:39
3 - 32% - 30% - 14:24
4 - 4% - 10% - 1:54
PP Forward
1 - 50% - 50% - 5:30
2 - 50% - 50% - 5:33
PP Defense
1 - 51% - 50% - 5:40
2 - 49% - 50% - 5:23
PK Forward
1 - 54% - 50% - 2:08
2 - 46% - 50% - 1:50
PK Defense
1 - 43% - 50% - 1:43
2 - 57% - 50% - 2:15
PK3 Forward
1 - 0% - 50%
2 - 0% - 50%
PK3 Defense
1 - 0% - 50%
2 - 0% - 50%
44 Forward
1 - 0% - 50%
2 - 0% - 50%
44 Defense
1 - 0% - 50%
2 - 0% - 50%
Last Minute Offensive - 0:00
Last Minute Defensive - 0:00
Total
Forward - 60:00
Defense - 60:00
|
% Time on Ice - Nashville Predators
Lines # - Real PCT - Wanted PCT - Time Play
Normal Forward
1 - 30% - 30% - 13:19
2 - 31% - 30% - 13:59
3 - 27% - 25% - 12:05
4 - 12% - 15% - 5:36
Normal Defense
1 - 31% - 30% - 13:52
2 - 33% - 30% - 14:52
3 - 25% - 25% - 11:07
4 - 11% - 15% - 5:08
PP Forward
1 - 50% - 50% - 1:58
2 - 50% - 50% - 2:00
PP Defense
1 - 45% - 50% - 1:47
2 - 55% - 50% - 2:11
PK Forward
1 - 45% - 50% - 4:59
2 - 55% - 50% - 6:04
PK Defense
1 - 50% - 50% - 5:33
2 - 50% - 50% - 5:30
PK3 Forward
1 - 0% - 50%
2 - 0% - 50%
PK3 Defense
1 - 0% - 50%
2 - 0% - 50%
44 Forward
1 - 0% - 50%
2 - 0% - 50%
44 Defense
1 - 0% - 50%
2 - 0% - 50%
Last Minute Offensive - 0:00
Last Minute Defensive - 0:00
Total
Forward - 60:00
Defense - 60:00
|
Play-by-Play
1st period
0:01 of 1st period - Jean-Gabriel Pageau wins face-off versus Blake Wheeler in neutral zone.
0:04 of 1st period - Snap shot by Mitchell Marner.
0:04 of 1st period - Stopped by Adin Hill with a rebound.
0:06 of 1st period - Wrist shot by Mattias Ekholm.
0:06 of 1st period - Stopped by Adin Hill without a rebound.
0:07 of 1st period - Blake Wheeler wins face-off versus Jean-Gabriel Pageau in Nashville Predators zone.
0:32 of 1st period - Wrist shot by Sam Reinhart.
0:32 of 1st period - Shot Misses the Net.
0:40 of 1st period - Snap shot by Cale Makar.
0:40 of 1st period - Stopped by Marc-Andre Fleury with a rebound.
0:42 of 1st period - Backhand shot by Cale Makar.
0:42 of 1st period - Shot Misses the Net.
0:48 of 1st period - Minor Penalty to Erik Karlsson for Holding.
0:49 of 1st period - Leon Draisaitl wins face-off versus Blake Wheeler in Pittsburgh Penguins zone.
0:54 of 1st period - Snap shot by Corey Perry.
0:54 of 1st period - Deflect By Blake Wheeler.
0:54 of 1st period - Deflect By Leon Draisaitl.
0:54 of 1st period - Shot Misses the Net.
0:54 of 1st period - Puck is out of play.
0:55 of 1st period - Leon Draisaitl wins face-off versus Blake Wheeler in Pittsburgh Penguins zone.
2:48 of 1st period - Penalty to Erik Karlsson is over, Erik Karlsson is back on ice.
2:56 of 1st period - Snap shot by Ryan Johansen.
2:56 of 1st period - Shot Misses the Net.
2:58 of 1st period - Slapshot by Erik Gudbranson.
2:58 of 1st period - Deflect By Ryan Johansen.
2:58 of 1st period - Stopped by Adin Hill with a rebound.
3:38 of 1st period - Slapshot by Tom Wilson.
3:38 of 1st period - Shot Blocked by Markus Niemelainen.
3:40 of 1st period - Snap shot by Colton Sissons.
3:40 of 1st period - Shot Blocked by Ryan Carpenter.
4:37 of 1st period - Nate Schmidt is hit by Tom Wilson and loses puck.
4:56 of 1st period - Zemgus Girgensons is hit by Anders Lee and loses puck.
5:14 of 1st period - Snap shot by Jean-Gabriel Pageau.
5:14 of 1st period - Shot Misses the Net.
5:16 of 1st period - Slapshot by Brian Dumoulin.
5:16 of 1st period - Deflect By Kevin Labanc.
5:16 of 1st period - Stopped by Adin Hill without a rebound.
5:17 of 1st period - Jean-Gabriel Pageau wins face-off versus Thomas Novak in Nashville Predators zone.
5:55 of 1st period - Icing by Alexander Alexeyev.
5:56 of 1st period - Michael Carcone wins face-off versus Ryan Johansen in Nashville Predators zone.
6:16 of 1st period - Icing by Anders Lee.
6:17 of 1st period - Thomas Novak wins face-off versus Pavel Buchnevich in Pittsburgh Penguins zone.
6:20 of 1st period - Slapshot by Kevin Labanc.
6:20 of 1st period - Shot Misses the Net.
6:24 of 1st period - Snap shot by Sam Gagner.
6:24 of 1st period - Stopped by Marc-Andre Fleury with a rebound.
6:26 of 1st period - Snap shot by Kevin Labanc.
6:26 of 1st period - Shot Blocked by Mattias Ekholm.
6:28 of 1st period - Snap shot by Sam Gagner.
6:28 of 1st period - Stopped by Marc-Andre Fleury with a rebound.
6:30 of 1st period - Wrist shot by Kevin Labanc.
6:30 of 1st period - Shot Misses the Net.
6:42 of 1st period - Snap shot by Leon Draisaitl.
6:42 of 1st period - Stopped by Adin Hill with a rebound.
6:44 of 1st period - Backhand shot by Mattias Ekholm.
6:44 of 1st period - Stopped by Adin Hill with a rebound.
7:12 of 1st period - Wrist shot by Gabriel Vilardi.
7:12 of 1st period - Shot Misses the Net.
7:26 of 1st period - Zemgus Girgensons is hit by Jordan Eberle and loses puck.
8:02 of 1st period - Snap shot by Sam Reinhart.
8:02 of 1st period - Stopped by Adin Hill with a rebound.
8:04 of 1st period - Slapshot by Phillip Danault.
8:04 of 1st period - Shot Misses the Net.
8:06 of 1st period - Snap shot by Sam Reinhart.
8:06 of 1st period - Stopped by Adin Hill with a rebound.
8:21 of 1st period - Wrist shot by Leon Draisaitl.
8:21 of 1st period - Stopped by Adin Hill with a rebound.
8:55 of 1st period - Phillip Danault is hit by Markus Niemelainen.
8:59 of 1st period - Wrist shot by Pavel Buchnevich.
8:59 of 1st period - Deflect By Sam Reinhart.
8:59 of 1st period - Shot Misses the Net.
8:59 of 1st period - Puck is out of play.
9:00 of 1st period - Blake Wheeler wins face-off versus Jean-Gabriel Pageau in Nashville Predators zone.
9:09 of 1st period - Justin Braun is hit by Jean-Gabriel Pageau and loses puck.
9:26 of 1st period - Erik Gudbranson is hit by Justin Braun and loses puck.
9:37 of 1st period - Snap shot by Sam Reinhart.
9:37 of 1st period - Deflect By Pavel Buchnevich.
9:37 of 1st period - Shot Misses the Net.
9:37 of 1st period - Puck is out of play.
9:38 of 1st period - Ryan Johansen wins face-off versus Alex Newhook in Nashville Predators zone.
9:42 of 1st period - Minor Penalty to Patrick Maroon for Slashing.
9:43 of 1st period - Leon Draisaitl wins face-off versus Blake Wheeler in Nashville Predators zone.
9:49 of 1st period - Wrist shot by Pavel Buchnevich.
9:49 of 1st period - Shot Misses the Net.
11:39 of 1st period - Icing by Leon Draisaitl.
11:40 of 1st period - Zemgus Girgensons wins face-off versus Sam Reinhart in Pittsburgh Penguins zone.
11:42 of 1st period - Penalty to Patrick Maroon is over, Patrick Maroon is back on ice.
11:43 of 1st period - Wrist shot by Patrick Maroon.
11:43 of 1st period - Stopped by Marc-Andre Fleury with a rebound.
11:58 of 1st period - Icing by Kevin Labanc.
11:59 of 1st period - Colton Sissons wins face-off versus Michael Carcone in Nashville Predators zone.
12:08 of 1st period - Snap shot by Blake Wheeler.
12:08 of 1st period - Stopped by Marc-Andre Fleury without a rebound.
12:09 of 1st period - Jean-Gabriel Pageau wins face-off versus Thomas Novak in Pittsburgh Penguins zone.
12:55 of 1st period - Snap shot by Tom Wilson.
12:55 of 1st period - Shot Misses the Net.
12:57 of 1st period - Slapshot by Mattias Ekholm.
12:57 of 1st period - Shot Hit the Post.
13:23 of 1st period - Slapshot by Thomas Novak.
13:23 of 1st period - Goal by Thomas Novak - Pittsburgh Penguins : 0 - Nashville Predators : 1.
13:24 of 1st period - Thomas Novak wins face-off versus Jean-Gabriel Pageau in neutral zone.
13:27 of 1st period - J.J. Moser is hit by Cale Makar and loses puck.
13:50 of 1st period - J.J. Moser is hit by Corey Perry.
13:56 of 1st period - Snap shot by Pavel Buchnevich.
13:56 of 1st period - Shot Misses the Net.
14:16 of 1st period - Zemgus Girgensons is hit by Anders Lee and loses puck.
14:35 of 1st period - Snap shot by Blake Wheeler.
14:35 of 1st period - Stopped by Marc-Andre Fleury with a rebound.
14:41 of 1st period - Ryan Carpenter is hit by Gabriel Vilardi and loses puck.
14:52 of 1st period - Cale Makar is hit by Jean-Gabriel Pageau and loses puck.
16:09 of 1st period - Slapshot by Leon Draisaitl.
16:09 of 1st period - Shot Misses the Net.
16:11 of 1st period - Slapshot by Mattias Ekholm.
16:11 of 1st period - Stopped by Adin Hill with a rebound.
16:13 of 1st period - Snap shot by Leon Draisaitl.
16:13 of 1st period - Stopped by Adin Hill with a rebound.
17:09 of 1st period - J.J. Moser is hit by Justin Braun and loses puck.
17:20 of 1st period - Jean-Gabriel Pageau is hit by Markus Niemelainen and loses puck.
17:43 of 1st period - Snap shot by Sam Gagner.
17:43 of 1st period - Stopped by Marc-Andre Fleury without a rebound.
17:44 of 1st period - Phillip Danault wins face-off versus Brett Leason in Pittsburgh Penguins zone.
17:56 of 1st period - Snap shot by Sam Reinhart.
17:56 of 1st period - Shot Blocked by Riley Nash.
18:02 of 1st period - Sam Reinhart is hit by Corey Perry and loses puck.
18:39 of 1st period - Snap shot by Pavel Buchnevich.
18:39 of 1st period - Shot Misses the Net.
18:41 of 1st period - Wrist shot by Sam Reinhart.
18:41 of 1st period - Stopped by Adin Hill without a rebound.
18:42 of 1st period - Leon Draisaitl wins face-off versus Thomas Novak in Nashville Predators zone.
18:43 of 1st period - Snap shot by Mitchell Marner.
18:43 of 1st period - Shot Misses the Net.
18:51 of 1st period - Snap shot by Thomas Novak.
18:51 of 1st period - Shot Misses the Net.
18:53 of 1st period - Snap shot by Thomas Novak.
18:53 of 1st period - Stopped by Marc-Andre Fleury without a rebound.
18:54 of 1st period - Thomas Novak wins face-off versus Ryan Johansen in Pittsburgh Penguins zone.
18:57 of 1st period - Snap shot by Kevin Labanc.
18:57 of 1st period - Deflect By Sam Gagner.
18:57 of 1st period - Shot Blocked by Erik Karlsson.
18:57 of 1st period - Puck is out of play.
18:58 of 1st period - Ryan Johansen wins face-off versus Thomas Novak in Pittsburgh Penguins zone.
19:31 of 1st period - Slapshot by Patrick Maroon.
19:31 of 1st period - Shot Misses the Net.
19:33 of 1st period - Slapshot by Alex Newhook.
19:33 of 1st period - Shot Misses the Net.
19:35 of 1st period - Slapshot by Justin Braun.
19:35 of 1st period - Shot Misses the Net.
19:51 of 1st period - Sam Reinhart is hit by Blake Wheeler.
19:56 of 1st period - Erik Karlsson is hit by Corey Perry and loses puck.
Goals for this period are 0 for Pittsburgh Penguins vs 1 for Nashville Predators.
Shots for this period are 12 for Pittsburgh Penguins vs 9 for Nashville Predators.
2nd period
0:01 of 2nd period - Thomas Novak wins face-off versus Jean-Gabriel Pageau in neutral zone.
0:08 of 2nd period - Snap shot by Cale Makar.
0:08 of 2nd period - Stopped by Marc-Andre Fleury without a rebound.
0:09 of 2nd period - Thomas Novak wins face-off versus Mitchell Marner in Pittsburgh Penguins zone.
0:34 of 2nd period - Snap shot by Thomas Novak.
0:34 of 2nd period - Goal by Thomas Novak - Pittsburgh Penguins : 0 - Nashville Predators : 2.
0:35 of 2nd period - Alex Newhook wins face-off versus Anders Lee in neutral zone.
0:49 of 2nd period - Snap shot by Alex Newhook.
0:49 of 2nd period - Stopped by Marc-Andre Fleury without a rebound.
0:50 of 2nd period - Blake Wheeler wins face-off versus Mitchell Marner in Pittsburgh Penguins zone.
1:37 of 2nd period - Phillip Danault is hit by Thomas Novak and loses puck.
1:46 of 2nd period - Slapshot by Cale Makar.
1:46 of 2nd period - Stopped by Marc-Andre Fleury with a rebound.
1:48 of 2nd period - Slapshot by Thomas Novak.
1:48 of 2nd period - Stopped by Marc-Andre Fleury with a rebound.
2:00 of 2nd period - Wrist shot by Tom Wilson.
2:00 of 2nd period - Stopped by Adin Hill without a rebound.
2:01 of 2nd period - Michael Carcone wins face-off versus Colton Sissons in Nashville Predators zone.
2:12 of 2nd period - Minor Penalty to Blake Wheeler for Tripping.
2:13 of 2nd period - Corey Perry wins face-off versus Jean-Gabriel Pageau in Nashville Predators zone.
2:23 of 2nd period - Snap shot by Anders Lee.
2:23 of 2nd period - Stopped by Adin Hill with a rebound.
2:25 of 2nd period - Wrist shot by Brian Dumoulin.
2:25 of 2nd period - Shot Blocked by Thomas Novak.
2:27 of 2nd period - Snap shot by Brian Dumoulin.
2:27 of 2nd period - Shot Blocked by Nate Schmidt.
2:29 of 2nd period - Snap shot by Anders Lee.
2:29 of 2nd period - Shot Misses the Net.
2:45 of 2nd period - Snap shot by Corey Perry.
2:45 of 2nd period - Stopped by Marc-Andre Fleury without a rebound.
2:46 of 2nd period - Leon Draisaitl wins face-off versus Corey Perry in Pittsburgh Penguins zone.
2:51 of 2nd period - Slapshot by Mitchell Marner.
2:51 of 2nd period - Stopped by Adin Hill with a rebound.
3:03 of 2nd period - Snap shot by Mitchell Marner.
3:03 of 2nd period - Stopped by Adin Hill with a rebound.
3:19 of 2nd period - Slapshot by Erik Karlsson.
3:19 of 2nd period - Goal by Erik Karlsson - Pittsburgh Penguins : 1 - Nashville Predators : 2.
3:20 of 2nd period - Blake Wheeler wins face-off versus Ryan Johansen in neutral zone.
3:45 of 2nd period - Nate Schmidt is hit by Mitchell Marner and loses puck.
3:52 of 2nd period - Slapshot by Cale Makar.
3:52 of 2nd period - Deflect By Kevin Labanc.
3:52 of 2nd period - Stopped by Marc-Andre Fleury without a rebound.
3:53 of 2nd period - Jean-Gabriel Pageau wins face-off versus Alex Newhook in Pittsburgh Penguins zone.
4:04 of 2nd period - Snap shot by Mitchell Marner.
4:04 of 2nd period - Goal by Mitchell Marner - Pittsburgh Penguins : 2 - Nashville Predators : 2.
4:05 of 2nd period - Blake Wheeler wins face-off versus Phillip Danault in neutral zone.
5:05 of 2nd period - Snap shot by Mitchell Marner.
5:05 of 2nd period - Stopped by Adin Hill without a rebound.
5:06 of 2nd period - Phillip Danault wins face-off versus Blake Wheeler in Nashville Predators zone.
5:11 of 2nd period - Wrist shot by Sam Reinhart.
5:11 of 2nd period - Shot Misses the Net.
5:13 of 2nd period - Slapshot by Erik Karlsson.
5:13 of 2nd period - Deflect By Sam Reinhart.
5:13 of 2nd period - Shot Blocked by Justin Braun.
5:13 of 2nd period - Puck is out of play.
5:14 of 2nd period - Phillip Danault wins face-off versus Blake Wheeler in Nashville Predators zone.
5:28 of 2nd period - Off-side.
5:29 of 2nd period - Jean-Gabriel Pageau wins face-off versus Sam Gagner in neutral zone.
5:41 of 2nd period - Minor Penalty to Cale Makar for Hooking.
5:42 of 2nd period - Corey Perry wins face-off versus Jean-Gabriel Pageau in Nashville Predators zone.
7:41 of 2nd period - Penalty to Cale Makar is over, Cale Makar is back on ice.
7:47 of 2nd period - Snap shot by Tom Wilson.
7:47 of 2nd period - Stopped by Adin Hill with a rebound.
7:49 of 2nd period - Slapshot by Erik Gudbranson.
7:49 of 2nd period - Deflect By Tom Wilson.
7:49 of 2nd period - Stopped by Adin Hill without a rebound.
7:50 of 2nd period - Colton Sissons wins face-off versus Alex Newhook in Nashville Predators zone.
8:01 of 2nd period - Snap shot by Colton Sissons.
8:01 of 2nd period - Stopped by Adin Hill with a rebound.
8:03 of 2nd period - Snap shot by Colton Sissons.
8:03 of 2nd period - Shot Misses the Net.
8:05 of 2nd period - Slapshot by Colton Sissons.
8:05 of 2nd period - Goal by Colton Sissons - Pittsburgh Penguins : 3 - Nashville Predators : 2.
8:06 of 2nd period - Ryan Johansen wins face-off versus Thomas Novak in neutral zone.
8:31 of 2nd period - Nate Schmidt is hit by Pavel Buchnevich and loses puck.
9:27 of 2nd period - Ryan Carpenter is hit by Jean-Gabriel Pageau and loses puck.
9:44 of 2nd period - Snap shot by Mitchell Marner.
9:44 of 2nd period - Stopped by Adin Hill with a rebound.
9:46 of 2nd period - Slapshot by Erik Karlsson.
9:46 of 2nd period - Deflect By Leon Draisaitl.
9:46 of 2nd period - Shot Misses the Net.
9:46 of 2nd period - Puck is out of play.
9:47 of 2nd period - Ryan Johansen wins face-off versus Thomas Novak in Nashville Predators zone.
10:19 of 2nd period - Slapshot by Sam Reinhart.
10:19 of 2nd period - Shot Misses the Net.
10:21 of 2nd period - Minor Penalty to Riley Nash for Goalie Interference.
10:22 of 2nd period - Jean-Gabriel Pageau wins face-off versus Corey Perry in Nashville Predators zone.
12:21 of 2nd period - Penalty to Riley Nash is over, Riley Nash is back on ice.
14:02 of 2nd period - Anders Lee is hit by Zemgus Girgensons and loses puck.
14:23 of 2nd period - Snap shot by Mitchell Marner.
14:23 of 2nd period - Stopped by Adin Hill without a rebound.
14:24 of 2nd period - Thomas Novak wins face-off versus Leon Draisaitl in Nashville Predators zone.
14:50 of 2nd period - Erik Karlsson is hit by Alex Newhook and loses puck.
15:11 of 2nd period - Snap shot by Sam Reinhart.
15:11 of 2nd period - Stopped by Adin Hill with a rebound.
15:24 of 2nd period - Off-side.
15:25 of 2nd period - Ryan Johansen wins face-off versus Thomas Novak in neutral zone.
15:40 of 2nd period - Wrist shot by Kevin Labanc.
15:40 of 2nd period - Stopped by Marc-Andre Fleury with a rebound.
15:46 of 2nd period - Wrist shot by Ryan Johansen.
15:46 of 2nd period - Deflect By Anders Lee.
15:46 of 2nd period - Shot Blocked by Justin Braun.
15:46 of 2nd period - Puck is out of play.
15:47 of 2nd period - Phillip Danault wins face-off versus Blake Wheeler in Nashville Predators zone.
15:48 of 2nd period - Snap shot by Sam Reinhart.
15:48 of 2nd period - Shot Blocked by Blake Wheeler.
16:00 of 2nd period - Phillip Danault is hit by Blake Wheeler and loses puck.
17:04 of 2nd period - Snap shot by Ryan Johansen.
17:04 of 2nd period - Stopped by Adin Hill with a rebound.
17:48 of 2nd period - Wrist shot by Corey Perry.
17:48 of 2nd period - Stopped by Marc-Andre Fleury with a rebound.
18:39 of 2nd period - Markus Niemelainen is hit by Gabriel Vilardi and loses puck.
19:01 of 2nd period - Minor Penalty to Corey Perry for Slashing.
19:02 of 2nd period - Leon Draisaitl wins face-off versus Zemgus Girgensons in Nashville Predators zone.
19:02 of 2nd period - Slapshot by Mitchell Marner.
19:02 of 2nd period - Deflect By Leon Draisaitl.
19:02 of 2nd period - Goal by Leon Draisaitl - Pittsburgh Penguins : 4 - Nashville Predators : 2.
19:03 of 2nd period - Blake Wheeler wins face-off versus Phillip Danault in neutral zone.
19:14 of 2nd period - Snap shot by Sam Reinhart.
19:14 of 2nd period - Shot Blocked by Cale Makar.
19:30 of 2nd period - Mitchell Marner is hit by Rasmus Ristolainen.
19:46 of 2nd period - Minor Penalty to Mitchell Marner for Cross-checking.
19:47 of 2nd period - Jean-Gabriel Pageau wins face-off versus Thomas Novak in Pittsburgh Penguins zone.
Goals for this period are 4 for Pittsburgh Penguins vs 1 for Nashville Predators.
Shots for this period are 16 for Pittsburgh Penguins vs 9 for Nashville Predators.
3rd period
0:01 of 3rd period - Sam Gagner wins face-off versus Jean-Gabriel Pageau in neutral zone.
0:04 of 3rd period - Colton Sissons is hit by Sam Gagner and loses puck.
0:21 of 3rd period - Mattias Ekholm is hit by Kevin Labanc and loses puck.
0:56 of 3rd period - Jean-Gabriel Pageau is hit by Thomas Novak and loses puck.
1:46 of 3rd period - Penalty to Mitchell Marner is over, Mitchell Marner is back on ice.
2:08 of 3rd period - Icing by Cale Makar.
2:09 of 3rd period - Phillip Danault wins face-off versus Alex Newhook in Nashville Predators zone.
2:12 of 3rd period - Backhand shot by Jordan Eberle.
2:12 of 3rd period - Shot Misses the Net.
2:14 of 3rd period - Slapshot by Erik Karlsson.
2:14 of 3rd period - Shot Misses the Net.
2:16 of 3rd period - Wrist shot by Jordan Eberle.
2:16 of 3rd period - Goal by Jordan Eberle - Pittsburgh Penguins : 5 - Nashville Predators : 2.
2:17 of 3rd period - Pavel Buchnevich wins face-off versus Corey Perry in neutral zone.
2:24 of 3rd period - Snap shot by Phillip Danault.
2:24 of 3rd period - Stopped by Adin Hill without a rebound.
2:25 of 3rd period - Phillip Danault wins face-off versus Blake Wheeler in Nashville Predators zone.
2:42 of 3rd period - Slapshot by Phillip Danault.
2:42 of 3rd period - Shot Misses the Net.
2:44 of 3rd period - Wrist shot by Pavel Buchnevich.
2:44 of 3rd period - Stopped by Adin Hill without a rebound.
2:45 of 3rd period - Jean-Gabriel Pageau wins face-off versus Thomas Novak in Nashville Predators zone.
3:12 of 3rd period - Sam Reinhart is hit by Rasmus Ristolainen and loses puck.
3:17 of 3rd period - Wrist shot by Patrick Maroon.
3:17 of 3rd period - Stopped by Marc-Andre Fleury without a rebound.
3:18 of 3rd period - Alex Newhook wins face-off versus Pavel Buchnevich in Pittsburgh Penguins zone.
3:19 of 3rd period - Slapshot by Zemgus Girgensons.
3:19 of 3rd period - Stopped by Marc-Andre Fleury without a rebound.
3:20 of 3rd period - Blake Wheeler wins face-off versus Jean-Gabriel Pageau in Pittsburgh Penguins zone.
3:59 of 3rd period - Snap shot by Ryan Johansen.
3:59 of 3rd period - Stopped by Adin Hill with a rebound.
4:19 of 3rd period - Slapshot by Kevin Labanc.
4:19 of 3rd period - Stopped by Marc-Andre Fleury with a rebound.
4:29 of 3rd period - Zemgus Girgensons is hit by Gabriel Vilardi and loses puck.
4:58 of 3rd period - Slapshot by Mitchell Marner.
4:58 of 3rd period - Shot Misses the Net.
5:00 of 3rd period - Minor Penalty to Michael Carcone for High sticking.
5:01 of 3rd period - Leon Draisaitl wins face-off versus Corey Perry in Nashville Predators zone.
5:06 of 3rd period - Snap shot by Mitchell Marner.
5:06 of 3rd period - Shot Misses the Net.
5:08 of 3rd period - Slapshot by Ryan Suter.
5:08 of 3rd period - Shot Blocked by Corey Perry.
5:10 of 3rd period - Wrist shot by Leon Draisaitl.
5:10 of 3rd period - Stopped by Adin Hill with a rebound.
5:16 of 3rd period - Snap shot by Leon Draisaitl.
5:16 of 3rd period - Stopped by Adin Hill without a rebound.
5:17 of 3rd period - Jean-Gabriel Pageau wins face-off versus Blake Wheeler in Nashville Predators zone.
7:00 of 3rd period - Penalty to Michael Carcone is over, Michael Carcone is back on ice.
7:07 of 3rd period - Tom Wilson is hit by Zemgus Girgensons and loses puck.
7:17 of 3rd period - Snap shot by Colton Sissons.
7:17 of 3rd period - Stopped by Adin Hill with a rebound.
8:10 of 3rd period - Zemgus Girgensons is hit by Jordan Eberle and loses puck.
8:39 of 3rd period - Sam Gagner is hit by Gabriel Vilardi and loses puck.
8:51 of 3rd period - Minor Penalty to Michael Carcone for Slashing.
8:52 of 3rd period - Corey Perry wins face-off versus Leon Draisaitl in Nashville Predators zone.
9:03 of 3rd period - Off-side.
9:04 of 3rd period - Jean-Gabriel Pageau wins face-off versus Blake Wheeler in neutral zone.
9:18 of 3rd period - Off-side.
9:19 of 3rd period - Corey Perry wins face-off versus Leon Draisaitl in neutral zone.
10:51 of 3rd period - Penalty to Michael Carcone is over, Michael Carcone is back on ice.
11:09 of 3rd period - Off-side.
11:10 of 3rd period - Sam Gagner wins face-off versus Colton Sissons in neutral zone.
11:14 of 3rd period - Off-side.
11:15 of 3rd period - Colton Sissons wins face-off versus Kevin Labanc in neutral zone.
11:19 of 3rd period - Off-side.
11:20 of 3rd period - Colton Sissons wins face-off versus Thomas Novak in neutral zone.
11:23 of 3rd period - Snap shot by Tom Wilson.
11:23 of 3rd period - Shot Misses the Net.
11:36 of 3rd period - Snap shot by Thomas Novak.
11:36 of 3rd period - Stopped by Marc-Andre Fleury without a rebound.
11:37 of 3rd period - Phillip Danault wins face-off versus Blake Wheeler in Pittsburgh Penguins zone.
11:37 of 3rd period - Phillip Danault is hit by Rasmus Ristolainen.
11:47 of 3rd period - Slapshot by Blake Wheeler.
11:47 of 3rd period - Shot Misses the Net.
11:49 of 3rd period - Slapshot by Rasmus Ristolainen.
11:49 of 3rd period - Stopped by Marc-Andre Fleury without a rebound.
11:50 of 3rd period - Phillip Danault wins face-off versus Corey Perry in Pittsburgh Penguins zone.
12:19 of 3rd period - Slapshot by Erik Karlsson.
12:19 of 3rd period - Stopped by Adin Hill with a rebound.
13:01 of 3rd period - Slapshot by Cale Makar.
13:01 of 3rd period - Shot Misses the Net.
13:07 of 3rd period - Slapshot by Cale Makar.
13:07 of 3rd period - Stopped by Marc-Andre Fleury without a rebound.
13:08 of 3rd period - Phillip Danault wins face-off versus Alex Newhook in Pittsburgh Penguins zone.
13:33 of 3rd period - Phillip Danault is hit by Sam Gagner and loses puck.
13:57 of 3rd period - Off-side.
13:58 of 3rd period - Jean-Gabriel Pageau wins face-off versus Alex Newhook in neutral zone.
14:07 of 3rd period - Wrist shot by Mitchell Marner.
14:07 of 3rd period - Shot Blocked by Zemgus Girgensons.
14:35 of 3rd period - Slapshot by Anders Lee.
14:35 of 3rd period - Shot Misses the Net.
15:09 of 3rd period - Wrist shot by Blake Wheeler.
15:09 of 3rd period - Shot Blocked by Sam Reinhart.
15:11 of 3rd period - Slapshot by Justin Braun.
15:11 of 3rd period - Shot Blocked by J.J. Moser.
15:49 of 3rd period - Wrist shot by Ryan Johansen.
15:49 of 3rd period - Shot Misses the Net.
15:51 of 3rd period - Slapshot by Brian Dumoulin.
15:51 of 3rd period - Deflect By Cale Makar.
15:51 of 3rd period - Stopped by Adin Hill without a rebound.
15:52 of 3rd period - Phillip Danault wins face-off versus Alex Newhook in Nashville Predators zone.
16:44 of 3rd period - Cale Makar is hit by Mitchell Marner and loses puck.
17:09 of 3rd period - Slapshot by Tom Wilson.
17:09 of 3rd period - Shot Misses the Net.
17:34 of 3rd period - Slapshot by Cale Makar.
17:34 of 3rd period - Stopped by Marc-Andre Fleury with a rebound.
17:36 of 3rd period - Wrist shot by Patrick Maroon.
17:36 of 3rd period - Stopped by Marc-Andre Fleury without a rebound.
17:37 of 3rd period - Jean-Gabriel Pageau wins face-off versus Thomas Novak in Pittsburgh Penguins zone.
18:14 of 3rd period - Wrist shot by Ryan Johansen.
18:14 of 3rd period - Stopped by Adin Hill without a rebound.
18:15 of 3rd period - Phillip Danault wins face-off versus Blake Wheeler in Nashville Predators zone.
18:27 of 3rd period - Snap shot by Riley Nash.
18:27 of 3rd period - Stopped by Marc-Andre Fleury with a rebound.
18:29 of 3rd period - Snap shot by Markus Niemelainen.
18:29 of 3rd period - Deflect By Erik Karlsson.
18:29 of 3rd period - Stopped by Marc-Andre Fleury with a rebound.
18:31 of 3rd period - Snap shot by Blake Wheeler.
18:31 of 3rd period - Stopped by Marc-Andre Fleury without a rebound.
18:32 of 3rd period - Jean-Gabriel Pageau wins face-off versus Thomas Novak in Pittsburgh Penguins zone.
18:59 of 3rd period - Mattias Ekholm is hit by Nate Schmidt and loses puck.
19:44 of 3rd period - Snap shot by Gabriel Vilardi.
19:44 of 3rd period - Shot Misses the Net.
Goals for this period are 1 for Pittsburgh Penguins vs 0 for Nashville Predators.
Shots for this period are 10 for Pittsburgh Penguins vs 11 for Nashville Predators.
Back to the Top